[Event "Titled Tuesday Blitz February 21 Early 2023"]
[White "Livaic, Leon"]
[Black "Ambartsumova, Karina"]
[WhiteFideId "14531534"]
[BlackFideId "4166299"]
[WhiteElo "2579"]
[BlackElo "2393"]
[Result "1-0"]
[Round "09"]
[TimeControl "180+2"]
[Date "2023.02.21"]
[WhiteClock "0:00:11"]
[BlackClock "0:00:02"]

1. d4 Nf6 2. c4 e6 3. Nc3 d5 4. Nf3 Be7 5. g3 O-O 6. Bg2 dxc4 7. Ne5 Nc6 8. Bxc6 bxc6 9. Nxc6 Qe8 10. Nxe7+ Qxe7 11. Qa4 c5 12. dxc5 Qxc5 13. Be3 Qc7 14. O-O-O Bb7 15. f3 a6 16. Bd4 e5 17. Be3 Rfd8 18. Bg5 Rxd1+ 19. Rxd1 Rd8 20. Bxf6 Rxd1+ 21. Qxd1 gxf6 22. Qg1 Kg7 23. g4 Qd6 24. Qa7 Bc8 25. Ne4 Qd4 26. Qxd4 exd4 27. Nd6 Be6 28. a3 h5 29. Ne8+ Kg6 30. gxh5+ Kxh5 31. Nxf6+ Kh4 32. Kd2 Kh3 33. Ne4 Kxh2 34. Nc5 Bc8 35. e3 dxe3+ 36. Kxe3 Kg2 37. Ne4 Be6 38. Nc5 Bc8 39. f4 Kg3 40. Ne4+ Kg4 41. Nd6 Be6 42. Ke4 Bd7 43. Nxf7 Bc6+ 44. Ke5 Kf3 45. Nd6 1-0


[Site "https://www.chess.com"]

[Event "Titled Tuesday Blitz February 21 Early 2023"]
[White "Golubka, Petro"]
[Black "Kovalenko, Igor"]
[WhiteFideId "14114224"]
[BlackFideId "14117908"]
[WhiteElo "2371"]
[BlackElo "2674"]
[Result "0-1"]
[Round "09"]
[TimeControl "180+2"]
[Date "2023.02.21"]
[WhiteClock "0:00:15"]
[BlackClock "0:00:25"]

1. e4 e5 2. Bb5 Nf6 3. Nc3 Bb4 4. f4 Bxc3 5. bxc3 Nxe4 6. Qf3 Nd6 7. fxe5 Nxb5 8. a4 Nxc3 9. Qxc3 Qh4+ 10. Kf1 O-O 11. Nf3 Qd8 12. Bb2 Nc6 13. h4 f6 14. Qc4+ d5 15. exd6+ Kh8 16. dxc7 Qxc7 17. h5 h6 18. Nh4 Qf7 19. Ng6+ Kg8 20. Rh4 Be6 21. Qe2 Rfe8 22. Qf2 Rad8 23. d3 Rd5 24. Kg1 Rf5 25. Qg3 Rg5 26. Qf2 Ne7 27. Nf4 Bd7 28. a5 a6 29. c4 Nf5 30. Rh3 Bc6 31. Kh2 Rg4 32. Rc1 Qc7 33. g3 Rg5 34. Re1 Qd7 35. Rxe8+ Qxe8 36. Bc1 Qd7 37. Be3 Nxe3 38. Qxe3 Rxa5 39. g4 Qxg4 40. Rg3 Ra2+ 41. Kg1 Qd1+ 0-1


[Site "https://www.chess.com"]

[Event "Titled Tuesday Blitz February 21 Early 2023"]
[White "Indjic, Aleksandar"]
[Black "Real_OceanStorm"]
[WhiteFideId "911925"]
[WhiteElo "2618"]
[BlackElo "2781"]
[Result "0-1"]
[Round "09"]
[TimeControl "180+2"]
[Date "2023.02.21"]
[WhiteClock "0:00:02"]
[BlackClock "0:00:02"]

1. d4 Nf6 2. c4 e6 3. Nc3 d5 4. Nf3 c5 5. cxd5 Nxd5 6. e4 Nxc3 7. bxc3 cxd4 8. cxd4 Be7 9. Bc4 O-O 10. O-O Nd7 11. a4 b6 12. Qe2 Bb7 13. Bd2 Rc8 14. Bd3 h6 15. a5 Re8 16. Bb5 Bc6 17. Ba6 Rc7 18. Bf4 e5 19. dxe5 Nc5 20. e6 Bd6 21. e5 Nxe6 22. Bg3 Bc5 23. axb6 axb6 24. Rfd1 Rd7 25. Bc4 Qc8 26. Rxd7 Qxd7 27. Rd1 Qe7 28. Bd3 Rd8 29. Bb1 Rxd1+ 30. Qxd1 b5 31. h4 Qa7 32. Qc2 Qa3 33. Qh7+ Kf8 34. Be4 Bxe4 35. Qxe4 b4 36. Qb7 g6 37. h5 gxh5 38. Nh4 Qd3 39. Kh2 Kg8 40. f4 b3 41. f5 Nf8 42. e6 fxe6 43. f6 Nd7 44. Nf3 h4 45. Bxh4 Qd5 46. f7+ Kxf7 47. Qc8 b2 0-1


[Site "https://www.chess.com"]

[Event "Titled Tuesday Blitz February 21 Early 2023"]
[White "Talibov, Shiroghlan"]
[Black "Vokhidov, Shamsiddin"]
[WhiteFideId "13429078"]
[BlackFideId "14204223"]
[WhiteElo "2359"]
[BlackElo "2586"]
[Result "1/2-1/2"]
[Round "09"]
[TimeControl "180+2"]
[Date "2023.02.21"]
[WhiteClock "0:00:17"]
[BlackClock "0:00:32"]

1. e4 Nf6 2. e5 Nd5 3. d4 d6 4. Nf3 dxe5 5. Nxe5 c6 6. Bd3 g6 7. h4 Nd7 8. h5 Nxe5 9. dxe5 Bg7 10. hxg6 hxg6 11. Rxh8+ Bxh8 12. Qe2 Nb4 13. Bc4 Bf5 14. Bb3 Qa5 15. Bd2 Qc5 16. Bxb4 Qxb4+ 17. Nd2 O-O-O 18. O-O-O e6 19. Nc4 Rxd1+ 20. Qxd1 Bxe5 21. Nxe5 Qf4+ 22. Qd2 Qxe5 23. g3 Kc7 24. a3 g5 25. Kb1 Be4 26. Ka2 Bd5 27. c4 Bf3 28. Qd3 Qe4 29. Qc3 e5 30. Bc2 Qe2 31. Bd3 Qxf2 32. Qxe5+ Kb6 33. Qxg5 Qd4 34. Qf5 Bg4 35. c5+ Kc7 36. Qxf7+ Kd8 37. Qf8+ Kd7 38. Bf5+ Bxf5 39. Qxf5+ Ke7 40. Qh7+ Ke6 41. Qxb7 Qxc5 42. Qb3+ Kd7 43. Qd3+ Ke6 44. g4 Kf6 45. Kb3 Kg5 46. Qf5+ Qxf5 47. gxf5 Kxf5 48. Kc4 Ke6 49. Kb4 Kd6 50. Ka5 Kc7 51. Ka6 Kb8 52. b3 Ka8 53. Ka5 Kb8 54. Kb4 Kb7 55. Kc5 Kc7 56. b4 Kd7 57. a4 Kc7 58. Kd4 Kd6 59. Kc4 Kd7 60. Kc5 Kc7 61. b5 cxb5 62. Kxb5 Kb7 63. Ka5 a6 64. Kb4 Kb6 65. a5+ Kb7 66. Kc4 Kc6 67. Kd4 Kb5 68. Kc3 Kxa5 69. Kb2 Kb4 70. Ka1 a5 71. Kb1 a4 72. Ka1 a3 73. Kb1 Kb3 74. Ka1 a2 1/2-1/2


[Site "https://www.chess.com"]

[Event "Titled Tuesday Blitz February 21 Early 2023"]
[White "Timofeev, Artyom"]
[Black "Korchmar, Vasiliy"]
[WhiteFideId "4140419"]
[BlackFideId "24131750"]
[WhiteElo "2567"]
[BlackElo "2438"]
[Result "1-0"]
[Round "09"]
[TimeControl "180+2"]
[Date "2023.02.21"]
[WhiteClock "0:00:24"]
[BlackClock "0:00:03"]

1. e4 c5 2. Nc3 d6 3. g3 Nc6 4. Bg2 g6 5. Nf3 Bg7 6. O-O Rb8 7. a4 a6 8. d3 b5 9. axb5 axb5 10. Nd5 Nf6 11. Nxf6+ Bxf6 12. c3 O-O 13. Bh6 Re8 14. h3 b4 15. Qd2 Qb6 16. c4 Bd7 17. Kh2 Ra8 18. Ng5 b3 19. f4 Ra2 20. Rab1 Qb4 21. Qf2 Bd4 22. Qe2 Bf6 23. e5 dxe5 24. Bd5 e6 25. Bxc6 Bxc6 26. fxe5 Bxg5 27. Bxg5 Ba8 28. Rf2 h5 29. Qe3 Qb7 30. g4 h4 31. Bf6 Kh7 32. Qg5 1-0


[Site "https://www.chess.com"]

[Event "Titled Tuesday Blitz February 21 Early 2023"]
[White "Hasangatin, Ramil"]
[Black "Bharath Subramaniyam H"]
[WhiteFideId "4122160"]
[BlackFideId "46634827"]
[WhiteElo "2457"]
[BlackElo "2517"]
[Result "0-1"]
[Round "09"]
[TimeControl "180+2"]
[Date "2023.02.21"]
[WhiteClock "0:00:02"]
[BlackClock "0:01:20"]

1. e4 c6 2. Nf3 d5 3. d3 g6 4. g3 Bg7 5. Bg2 dxe4 6. dxe4 Qxd1+ 7. Kxd1 Nf6 8. Nfd2 O-O 9. Ke2 c5 10. Nc4 Nc6 11. c3 Bg4+ 12. Bf3 Bxf3+ 13. Kxf3 b5 14. Nca3 Ne5+ 15. Ke3 b4 16. Nc2 Neg4+ 17. Kf3 Nxe4 18. cxb4 Ngxf2 19. Rf1 cxb4 20. Nxb4 Rfc8 21. Nd2 Rxc1 22. Rfxc1 Nxd2+ 23. Kxf2 Bxb2 24. Ke2 Ne4 25. Nd5 e6 26. Ne7+ Kg7 27. Nc6 Rc8 28. Kd3 Nd6 29. Rab1 Bxc1 30. Rxc1 e5 31. Rc5 e4+ 32. Kd4 Re8 33. Ne5 Nf5+ 34. Kxe4 f6 35. g4 Nd6+ 36. Kd5 Rxe5+ 37. Kxd6 Rxc5 38. Kxc5 f5 39. gxf5 gxf5 40. Kd5 Kf6 41. h4 h6 42. a3 a6 43. a4 a5 44. Kd4 Ke6 45. Kc5 f4 46. Kd4 Kf5 47. h5 Kg4 48. Ke4 f3 49. Ke3 Kg3 0-1


[Site "https://www.chess.com"]

[Event "Titled Tuesday Blitz February 21 Early 2023"]
[White "Cherniaiev, Tykhon"]
[Black "Chigaev, Maksim"]
[WhiteFideId "14182360"]
[BlackFideId "4108116"]
[WhiteElo "2330"]
[BlackElo "2628"]
[Result "1/2-1/2"]
[Round "09"]
[TimeControl "180+2"]
[Date "2023.02.21"]
[WhiteClock "0:00:05"]
[BlackClock "0:00:05"]

1. Nf3 d5 2. d4 Nf6 3. c4 c6 4. e3 Bf5 5. Bd3 Bg6 6. O-O e6 7. Nc3 Nbd7 8. Re1 Bb4 9. cxd5 exd5 10. a3 Bxc3 11. bxc3 O-O 12. c4 Nb6 13. c5 Nc4 14. Bxc4 dxc4 15. Ne5 Qd5 16. Bb2 Nd7 17. Nxg6 fxg6 18. e4 Qf7 19. Qc2 b6 20. Rac1 bxc5 21. Qxc4 Rab8 22. Ba1 Qxc4 23. Rxc4 Rb3 24. dxc5 Rxa3 25. e5 Re8 26. f4 Ra5 27. Bd4 Nf8 28. Be3 Rd8 29. Rd4 Rxd4 30. Bxd4 Ne6 31. Be3 Ra3 32. g4 Nc7 33. f5 Nd5 34. Bf2 Ra4 35. h3 gxf5 36. gxf5 Rf4 37. e6 Kf8 38. Ra1 Rxf5 39. Rxa7 Re5 40. Ra8+ Ke7 41. Ra7+ Kf6 42. Rf7+ Kg6 43. Rd7 Rxe6 44. Bd4 Kf5 45. Rxg7 Rg6+ 46. Rxg6 hxg6 47. Kf2 Kf4 48. Kg2 Ne7 49. Bf2 Nf5 50. Bg1 Ke4 51. Kf2 Kf4 52. Kg2 Ne7 53. Bh2+ Ke4 54. Kg3 Kf5 55. Kf3 Nd5 56. Bd6 Nf6 57. Bf4 Ne4 58. Be3 Nc3 59. Bd4 Nd5 60. Bf2 g5 61. Bg3 Nf6 62. Bf2 Nd7 63. Be3 Ne5+ 64. Kg3 Ng6 65. Bf2 Nf8 66. Be3 Nh7 67. Kf3 Nf6 68. Bd2 Ne4 69. Be3 Nc3 70. Bd4 Nd5 71. Bb2 Nf4 72. Kg3 Ne2+ 73. Kf3 Nf4 74. Kg3 Nh5+ 75. Kf3 Nf4 1/2-1/2


[Site "https://www.chess.com"]

[Event "Titled Tuesday Blitz February 21 Early 2023"]
[White "Madaminov, Mukhiddin"]
[Black "Starozhilov, Leonid"]
[WhiteFideId "14210703"]
[BlackFideId "14106752"]
[WhiteElo "2422"]
[BlackElo "2313"]
[Result "1-0"]
[Round "09"]
[TimeControl "180+2"]
[Date "2023.02.21"]
[WhiteClock "0:00:05"]
[BlackClock "0:00:03"]

1. d4 Nf6 2. Nc3 d5 3. Bf4 a6 4. e3 c5 5. dxc5 Qa5 6. Qd2 Qxc5 7. O-O-O Bf5 8. f3 e6 9. e4 Bg6 10. exd5 exd5 11. h4 Nc6 12. h5 Nxh5 13. Qxd5 Qxd5 14. Nxd5 Rd8 15. Nc7+ Ke7 16. Re1+ Kd7 17. Nd5 Nxf4 18. Nxf4 Bd6 19. Nxg6 hxg6 20. Rxh8 Rxh8 21. Nh3 g5 22. c3 f6 23. Kc2 Bg3 24. Rd1+ Kc7 25. Bd3 Ne5 26. a4 Nxf3 27. gxf3 Rxh3 28. Bf5 Rh2+ 29. Kb3 Bd6 30. Be4 Rf2 31. Rd4 Be5 32. Rc4+ Kd7 33. Bxb7 a5 34. Bc6+ Kd6 35. Be4 g6 36. Rc6+ Kd7 37. Ra6 f5 38. Ba8 Bf4 39. Rxg6 Bc1 40. Kc4 Rxb2 41. Bc6+ Ke7 42. Bd5 Ra2 43. Kb5 Rc2 44. c4 Bd2 45. Re6+ Kd7 46. Re5 Rb2+ 47. Ka6 f4 48. Rxg5 Be3 49. Rg6 Rb8 50. Bc6+ Kc7 51. Bb7 Rxb7 52. Rg7+ Kc6 53. Rxb7 Bd2 54. Rb5 Kd6 55. Rd5+ Kc6 56. Rxd2 1-0


[Site "https://www.chess.com"]

[Event "Titled Tuesday Blitz February 21 Early 2023"]
[White "Sanal, Vahap"]
[Black "Papasimakopoulos, Alexandros"]
[WhiteFideId "6300545"]
[BlackFideId "4244125"]
[WhiteElo "2600"]
[BlackElo "2401"]
[Result "1-0"]
[Round "09"]
[TimeControl "180+2"]
[Date "2023.02.21"]
[WhiteClock "0:00:18"]
[BlackClock "0:00:15"]

1. e4 e6 2. d4 d5 3. exd5 exd5 4. Nf3 Bg4 5. Be2 Nc6 6. O-O Bd6 7. c3 Nge7 8. Ne5 Bxe2 9. Qxe2 Bxe5 10. dxe5 O-O 11. Nd2 Qd7 12. f4 Rae8 13. Nf3 Ng6 14. Qd3 f6 15. exf6 Rxf6 16. g3 Nge7 17. Bd2 Qf5 18. Qxf5 Nxf5 19. Rfe1 Rfe6 20. Rxe6 Rxe6 21. Kf2 Nd6 22. Rd1 Ne4+ 23. Kg2 Nxd2 24. Rxd2 Ne7 25. Nd4 Re4 26. Kf3 c6 27. c4 g6 28. cxd5 cxd5 29. Nb5 a6 30. Nc3 Rb4 31. Re2 d4 32. Rxe7 dxc3 33. bxc3 Rc4 34. Rxb7 Rxc3+ 35. Kg4 Ra3 36. Kg5 Ra5+ 37. Kf6 Rf5+ 38. Ke6 Ra5 39. a4 Rc5 40. Ra7 Rc6+ 41. Ke5 Rc5+ 42. Kd6 Ra5 43. Ke6 Rxa4 44. Kf6 h5 45. Kxg6 h4 46. Ra8# 1-0


[Site "https://www.chess.com"]

[Event "Titled Tuesday Blitz February 21 Early 2023"]
[White "Narayanan, Srinath"]
[Black "Spata, German"]
[WhiteFideId "5018420"]
[BlackFideId "113026"]
[WhiteElo "2559"]
[BlackElo "2383"]
[Result "0-1"]
[Round "09"]
[TimeControl "180+2"]
[Date "2023.02.21"]
[WhiteClock "0:02:00"]
[BlackClock "0:01:23"]

1. Nf3 Nf6 2. c4 e6 3. g3 d5 4. d4 Bb4+ 5. Nbd2 O-O 6. Bg2 c5 7. cxd5 exd5 8. dxc5 Bxc5 9. O-O Nc6 10. Nb3 Bb6 11. Bf4 h6 12. Rc1 Re8 13. Nfd4 Bg4 14. Re1 Nxd4 15. Nxd4 Rc8 16. Rxc8 Qxc8 17. Nb5 Qc5 18. Nd6 Qxf2+ 19. Kh1 Rxe2 20. Rxe2 Bxe2 21. Qc1 Bf3 0-1


[Site "https://www.chess.com"]

[Event "Titled Tuesday Blitz February 21 Early 2023"]
[White "Gokerkan, Cem Kaan"]
[Black "Orlov, Georgi"]
[WhiteFideId "6336760"]
[BlackFideId "2011271"]
[WhiteElo "2500"]
[BlackElo "2453"]
[Result "0-1"]
[Round "09"]
[TimeControl "180+2"]
[Date "2023.02.21"]
[WhiteClock "0:01:14"]
[BlackClock "0:01:43"]

1. e4 c5 2. c3 Nf6 3. e5 Nd5 4. d4 cxd4 5. Bc4 Nb6 6. Bb3 d5 7. cxd4 Nc6 8. Bc2 Nb4 9. Nc3 Nxc2+ 10. Qxc2 Bd7 11. Nge2 e6 12. O-O Rc8 13. Ng3 Be7 14. Qd1 O-O 15. Qg4 f5 16. Qd1 f4 17. Nh5 f3 18. g3 Qe8 19. Nf4 g5 20. Nd3 Qh5 21. Ne1 Be8 22. Be3 Bg6 23. Rc1 Nc4 24. Qb3 Nxe3 25. fxe3 f2+ 26. Rxf2 Rxf2 27. Kxf2 Qxh2+ 28. Ng2 Rf8+ 0-1


[Site "https://www.chess.com"]

[Event "Titled Tuesday Blitz February 21 Early 2023"]
[White "Jakubowski, Krzysztof"]
[Black "Yuan, Qingyu"]
[WhiteFideId "1112848"]
[BlackFideId "8609772"]
[WhiteElo "2486"]
[BlackElo "2373"]
[Result "0-1"]
[Round "09"]
[TimeControl "180+2"]
[Date "2023.02.21"]
[WhiteClock "0:00:09"]
[BlackClock "0:00:15"]

1. e4 e5 2. Nf3 Nc6 3. Bc4 Bc5 4. d3 Nf6 5. O-O O-O 6. c3 d5 7. exd5 Nxd5 8. h3 Nb6 9. Bb5 Bd6 10. Re1 f6 11. Bxc6 bxc6 12. d4 c5 13. dxe5 fxe5 14. Bg5 Qe8 15. Nbd2 Bb7 16. Bh4 Qg6 17. Bg3 Rae8 18. Nh4 Qh6 19. Ne4 Kh8 20. Qd2 Qe6 21. b3 c4 22. Qc2 Be7 23. Nf3 Rxf3 24. gxf3 Qxh3 25. bxc4 Nxc4 26. Rad1 Nd6 27. Rb1 Ba8 28. Qd3 h5 29. Nxd6 cxd6 30. Re3 Rf8 31. Qg6 h4 32. Bh2 Bxf3 33. Rb4 Rf6 34. Rb8+ Bf8 35. Qg5 Kh7 36. Re8 Rg6 0-1


[Site "https://www.chess.com"]

[Event "Titled Tuesday Blitz February 21 Early 2023"]
[White "Howell, David W L"]
[Black "Stijve, Theo"]
[WhiteFideId "410608"]
[BlackFideId "1331132"]
[WhiteElo "2677"]
[BlackElo "2351"]
[Result "1-0"]
[Round "09"]
[TimeControl "180+2"]
[Date "2023.02.21"]
[WhiteClock "0:00:05"]
[BlackClock "0:00:21"]

1. e4 c5 2. Nc3 a6 3. Nge2 b5 4. d4 cxd4 5. Nxd4 Bb7 6. Bd3 Nc6 7. Nxc6 Bxc6 8. O-O e6 9. Re1 Qb8 10. a4 b4 11. Nd5 Bd6 12. Qh5 Ne7 13. Nxe7 Bxe7 14. Be3 O-O 15. a5 g6 16. Qg4 f5 17. exf5 exf5 18. Qc4+ Rf7 19. Bd4 Bf8 20. Re3 Bb5 21. Qd5 Bxd3 22. Rxd3 Qc8 23. Rad1 Qc6 24. Qb3 Re8 25. h3 Qb5 26. c3 Qxa5 27. cxb4 Qxb4 28. Qxb4 Bxb4 29. Be3 d6 30. Bf4 Re2 31. Bxd6 Bxd6 32. Rxd6 Ra7 33. Ra1 Rxb2 34. Rdxa6 Rxa6 35. Rxa6 Rb1+ 36. Kh2 Rb2 37. Kg1 Rb1+ 38. Kh2 Rb2 39. Kg3 Rb7 40. Kf4 Kg7 41. h4 Re7 42. f3 Rb7 43. h5 Rb4+ 44. Kg3 gxh5 45. Kh3 h4 46. Rc6 Rf4 47. Rd6 Ra4 48. Rb6 Ra2 49. Rb4 Kg6 50. Rxh4 Ra1 51. Kh2 h6 52. Rb4 Kg5 53. Rb8 Ra2 54. Rg8+ Kf6 55. Kg3 Ra4 56. Kh3 Rf4 57. Rh8 Kg7 58. Ra8 Kf6 59. Ra6+ Kg5 60. Kg3 Ra4 61. Rxa4 1-0


[Site "https://www.chess.com"]

[Event "Titled Tuesday Blitz February 21 Early 2023"]
[White "Melikyan, Gnel"]
[Black "Demchenko, Anton"]
[WhiteFideId "54109990"]
[BlackFideId "4160258"]
[WhiteElo "2238"]
[BlackElo "2623"]
[Result "1-0"]
[Round "09"]
[TimeControl "180+2"]
[Date "2023.02.21"]
[WhiteClock "0:00:04"]
[BlackClock "0:00:01"]

1. e4 c5 2. Nf3 d6 3. d4 cxd4 4. Nxd4 Nf6 5. Nc3 Nc6 6. Bc4 Bd7 7. O-O g6 8. Re1 Bg7 9. Bb3 O-O 10. Bg5 h6 11. Bh4 g5 12. Bg3 Nxd4 13. Qxd4 Nh5 14. Qd2 Rc8 15. Re3 Kh8 16. Rd1 Nxg3 17. hxg3 Be5 18. Rd3 Qa5 19. Rd5 Bxc3 20. Rxa5 Bxd2 21. Rxd2 Bc6 22. Rxa7 Ra8 23. Rxa8 Rxa8 24. f3 Kg7 25. Kf2 Kf6 26. a3 h5 27. Bd5 h4 28. Bxc6 bxc6 29. Rd4 Ke5 30. Rb4 e6 31. Rb7 Kf6 32. Rc7 c5 33. Rd7 Rb8 34. b3 Rb6 35. gxh4 gxh4 36. g3 hxg3+ 37. Kxg3 c4 38. bxc4 Ra6 39. Kf4 e5+ 40. Ke3 Ke6 41. Rc7 Rxa3+ 42. Ke2 Rc3 43. Kf2 Rxc2+ 44. Kg3 Rc3 45. Kg4 Rc1 46. Kg3 f6 47. Kf2 Rc2+ 48. Ke3 Rc3+ 49. Ke2 Ra3 50. Kf2 Rd3 51. Ke2 Rc3 52. Kf2 f5 53. exf5+ Kxf5 54. Rc6 Kf4 55. Rxd6 Rc2+ 56. Ke1 Kxf3 57. Rf6+ Ke3 58. Kd1 Rxc4 59. Rh6 Rf4 60. Rh1 e4 61. Ke1 Rf3 62. Rh8 Rg3 63. Rh1 Rf3 64. Rh6 Rg3 65. Kf1 Kd3 66. Rd6+ Ke3 67. Ra6 Rh3 68. Ra3+ 1-0


[Site "https://www.chess.com"]

[Event "Titled Tuesday Blitz February 21 Early 2023"]
[White "Belozerov, Andrei"]
[Black "Zhigalko, Sergei"]
[WhiteFideId "4120213"]
[BlackFideId "13502956"]
[WhiteElo "2461"]
[BlackElo "2572"]
[Result "0-1"]
[Round "09"]
[TimeControl "180+2"]
[Date "2023.02.21"]
[WhiteClock "0:00:08"]
[BlackClock "0:00:28"]

1. d4 Nf6 2. c4 e6 3. g3 c5 4. Nf3 cxd4 5. Nxd4 Qc7 6. Bg2 Qxc4 7. O-O Nc6 8. Nb3 d5 9. Nc3 Be7 10. Bf4 O-O 11. Rc1 Qa6 12. e4 Rd8 13. exd5 exd5 14. Re1 Be6 15. Bf1 Qb6 16. Nb5 Rac8 17. N3d4 Nxd4 18. Qxd4 Bc5 19. Rxc5 Qxc5 20. Qxc5 Rxc5 21. Be3 Rc2 22. Bd4 a6 23. Bd3 Rd2 24. Bb6 Rf8 25. Bf1 axb5 26. Rb1 Bf5 27. Re1 Rxb2 0-1


[Site "https://www.chess.com"]

[Event "Titled Tuesday Blitz February 21 Early 2023"]
[White "Cuenca Jimenez, Jose Fernando"]
[Black "Predke, Alexandr"]
[WhiteFideId "2255570"]
[BlackFideId "24107581"]
[WhiteElo "2535"]
[BlackElo "2685"]
[Result "1-0"]
[Round "09"]
[TimeControl "180+2"]
[Date "2023.02.21"]
[WhiteClock "0:00:05"]
[BlackClock "0:00:02"]

1. d4 d5 2. c4 Nc6 3. cxd5 Qxd5 4. e3 e5 5. Nc3 Bb4 6. a3 Bxc3+ 7. bxc3 Nf6 8. c4 Qd6 9. d5 Ne7 10. a4 c5 11. Ne2 h5 12. Nc3 Bd7 13. Qb3 O-O 14. Be2 h4 15. h3 e4 16. Bb2 Ng6 17. Nb5 Bxb5 18. Qxb5 Rfc8 19. O-O Rc7 20. a5 Rac8 21. Bc3 Re7 22. Rfb1 Rcc7 23. Rb3 Ne8 24. Rab1 Qd8 25. Qa4 Nd6 26. Qa1 f5 27. Bh5 Nh8 28. Be5 Rxe5 29. Qxe5 Qe7 30. Qxe7 Rxe7 31. Be2 Nhf7 32. Ra3 Nc8 33. Rb5 Rc7 34. g3 hxg3 35. fxg3 Ncd6 36. Rb1 a6 37. g4 g6 38. gxf5 gxf5 39. Kf2 Kg7 40. Rb6 Rd7 41. Rab3 Ne5 42. Rxd6 Rxd6 43. Rxb7+ Kf8 44. Rb6 Ke7 45. h4 Nf7 46. Rb7+ Kf6 47. Ke1 Ne5 48. h5 Nf7 49. Kd2 Kg7 50. Rb6 Rxb6 51. axb6 Nd6 52. Kc3 Nb7 53. Bf1 Kh6 54. Be2 Kg5 55. Kb3 Na5+ 56. Ka4 Nb7 57. d6 Nxd6 58. Ka5 f4 59. exf4+ Kxf4 60. h6 Nf7 61. h7 Ke3 62. Bh5 Nh8 63. b7 Kd4 64. b8=Q e3 65. Qxh8+ Kxc4 66. Qe8 Kc3 67. Qxe3+ 1-0


[Site "https://www.chess.com"]

[Event "Titled Tuesday Blitz February 21 Early 2023"]
[White "Grigoriants, Sergey"]
[Black "Souleidis, Georgios"]
[WhiteFideId "4130804"]
[BlackFideId "4206827"]
[WhiteElo "2562"]
[BlackElo "2419"]
[Result "1/2-1/2"]
[Round "09"]
[TimeControl "180+2"]
[Date "2023.02.21"]
[WhiteClock "0:00:08"]
[BlackClock "0:00:12"]

1. d4 Nf6 2. c4 g6 3. f3 Bg7 4. e4 d6 5. Nc3 O-O 6. Nge2 c5 7. d5 e6 8. Ng3 exd5 9. cxd5 a6 10. a4 h5 11. Be2 h4 12. Nf1 Nh7 13. g4 Nd7 14. Be3 Qe7 15. f4 g5 16. Qd2 gxf4 17. Bxf4 Ne5 18. Ne3 Ng6 19. Nf5 Bxf5 20. gxf5 Nxf4 21. Qxf4 Rae8 22. Bd3 Kh8 23. Kd2 Qf6 24. Kc2 Bh6 25. Qf2 Rg8 26. Rhg1 Rxg1 27. Rxg1 Rg8 28. Rxg8+ Kxg8 29. e5 Qxe5 30. Qxh4 Bg5 31. Qh5 Bf6 32. a5 Ng5 33. h4 Nh7 34. Qg4+ Kf8 35. Bc4 Qh2+ 36. Kb3 Qxh4 37. Qxh4 Bxh4 38. Ne4 Be7 39. Ka4 Nf6 40. Nxf6 Bxf6 41. b4 cxb4 42. Kxb4 Ke7 43. Bb3 Bh4 44. Bd1 Be1+ 45. Ka4 Kf6 46. Bg4 Ke5 47. f6 Bf2 48. Bc8 b6 49. axb6 Bxb6 50. Bxa6 Kxd5 51. Kb5 Bd8 52. Bb7+ Ke5 53. Kc4 Kxf6 54. Kd5 Be7 55. Bc8 Kg5 56. Ke4 Bf6 57. Bd7 Be5 58. Bc8 Kf6 59. Kd5 Ke7 60. Bh3 Bh2 61. Bg4 Kf6 62. Ke4 Kg5 63. Bc8 Bg3 64. Bd7 Be5 65. Bc8 Kh4 66. Kf3 f6 67. Be6 Kg5 68. Ke4 Kg6 69. Bf5+ Kg5 70. Be6 Kh4 71. Kf3 Kg5 72. Ke4 1/2-1/2


[Site "https://www.chess.com"]

[Event "Titled Tuesday Blitz February 21 Early 2023"]
[White "Urazayev, Arystanbek"]
[Black "Maksimenko, Viktor"]
[WhiteFideId "13709810"]
[BlackFideId "13710478"]
[WhiteElo "2460"]
[BlackElo "2196"]
[Result "1-0"]
[Round "09"]
[TimeControl "180+2"]
[Date "2023.02.21"]
[WhiteClock "0:00:15"]
[BlackClock "0:00:09"]

1. e4 e5 2. Nf3 Nc6 3. d4 exd4 4. Bc4 Nf6 5. e5 d5 6. Bb5 Ne4 7. Nxd4 Bd7 8. Bxc6 bxc6 9. O-O Bc5 10. Be3 Qb8 11. Nc3 Qxb2 12. Nxe4 dxe4 13. Qd2 Qb4 14. c3 Qc4 15. Rfd1 Bxd4 16. Bxd4 O-O 17. Rab1 c5 18. Be3 Ba4 19. Qd5 Qxd5 20. Rxd5 Rab8 21. Rxb8 Rxb8 22. h4 a6 23. Rxc5 c6 24. c4 Ra8 25. Ra5 Bc2 26. Bb6 Kf8 27. Kh2 Ke8 28. Kg3 Bd3 29. c5 Kd7 30. Ra4 Ke6 31. Rd4 Kxe5 32. Rd7 Bc4 33. a4 Bd5 34. a5 h6 35. h5 Rg8 36. Ra7 Bc4 37. Re7+ Kd4 38. Kf4 Bd5 39. Ra7 g5+ 40. Kf5 Bc4 41. Rd7+ Bd5 42. Rd6 Rh8 43. Kf6 e3 44. fxe3+ Kxe3 45. Kg7 Re8 46. Kxh6 g4 47. g3 Kf3 48. Bc7 Re7 49. Bd8 Re8 50. Bh4 Ke4 51. Kg7 Kd4 52. h6 Kxc5 53. Rd7 Be4 54. Rxf7 Kb4 55. Rf4 Kxa5 56. Kf7 Rh8 57. Rxe4 Rxh6 58. Rxg4 c5 59. Be7 Rc6 60. Rf4 c4 61. g4 c3 62. Ba3 c2 63. Bc1 Kb5 64. g5 Rd6 65. Rf2 Rc6 66. g6 Kc4 67. g7 Rc7+ 68. Kg6 Rxg7+ 69. Kxg7 Kb3 70. Rf3+ Ka2 71. Ra3+ Kb1 72. Bh6 1-0


[Site "https://www.chess.com"]

[Event "Titled Tuesday Blitz February 21 Early 2023"]
[White "Pakleza, Zbigniew"]
[Black "Vovk, Orest"]
[WhiteFideId "1119290"]
[BlackFideId "14113490"]
[WhiteElo "2494"]
[BlackElo "2315"]
[Result "0-1"]
[Round "09"]
[TimeControl "180+2"]
[Date "2023.02.21"]
[WhiteClock "0:00:04"]
[BlackClock "0:00:07"]

1. d4 h6 2. e4 g5 3. h4 g4 4. Qxg4 d5 5. Qe2 dxe4 6. Qxe4 Nf6 7. Qd3 Nc6 8. Nf3 Bg4 9. Be3 Qd5 10. Nbd2 O-O-O 11. c4 Qh5 12. Qb3 e5 13. d5 Nd4 14. Bxd4 exd4 15. O-O-O Bd6 16. Bd3 Bf4 17. Kb1 Bxd2 18. Rxd2 Bxf3 19. gxf3 Qxf3 20. Qd1 Qf4 21. Bc2 c5 22. dxc6 bxc6 23. Rh3 Ne4 24. Bxe4 Qxe4+ 25. Ka1 Rhe8 26. Rhd3 c5 27. Qa4 Kb8 28. a3 Re6 29. Rb3+ Rb6 30. Rdd3 Rd6 31. Qa5 Qc6 32. Ka2 Kb7 33. h5 f5 34. Rb5 Rxb5 35. cxb5 Qd5+ 36. Ka1 c4 37. Rd1 d3 38. Qc3 Qd4 39. Qd2 Re6 40. Rc1 Re2 41. Qc3 Qxc3 42. bxc3 d2 43. Rd1 Re1 44. Kb2 Rxd1 0-1


[Site "https://www.chess.com"]

[Event "Titled Tuesday Blitz February 21 Early 2023"]
[White "Maltsevskaya, Aleksandra"]
[Black "Fier, Alexandr"]
[WhiteFideId "24174041"]
[BlackFideId "2107139"]
[WhiteElo "2390"]
[BlackElo "2589"]
[Result "0-1"]
[Round "09"]
[TimeControl "180+2"]
[Date "2023.02.21"]
[WhiteClock "0:00:05"]
[BlackClock "0:01:28"]

1. e4 Nf6 2. e5 Nd5 3. c4 Nb6 4. d4 d6 5. f4 dxe5 6. fxe5 Nc6 7. Nf3 Bg4 8. Be3 e6 9. Nc3 Bxf3 10. gxf3 Qh4+ 11. Bf2 Qf4 12. c5 Nd7 13. Bb5 Be7 14. Qd2 Qxf3 15. Rg1 O-O-O 16. Rg3 Qh1+ 17. Rg1 Qxh2 18. O-O-O Ndxe5 19. Rxg7 Nf3 20. Qe3 Nfxd4 21. Bxc6 Nxc6 22. Rxf7 Rxd1+ 23. Nxd1 e5 24. Bg3 Qh1 25. Bxe5 Rd8 26. Qf3 Qxf3 0-1


[Site "https://www.chess.com"]

[Event "Titled Tuesday Blitz February 21 Early 2023"]
[White "Halkias, Stelios"]
[Black "Martynov, Pavel"]
[WhiteFideId "4201809"]
[BlackFideId "4101260"]
[WhiteElo "2511"]
[BlackElo "2414"]
[Result "1-0"]
[Round "09"]
[TimeControl "180+2"]
[Date "2023.02.21"]
[WhiteClock "0:00:49"]
[BlackClock "0:00:05"]

1. d4 d5 2. c4 e6 3. Nf3 c5 4. cxd5 exd5 5. g3 Nc6 6. Bg2 Nf6 7. O-O Be7 8. Nc3 O-O 9. dxc5 Bxc5 10. Bg5 d4 11. Ne4 Be7 12. Bxf6 Bxf6 13. b4 a6 14. a4 Nxb4 15. Nxf6+ Qxf6 16. Qxd4 Qe7 17. Qb2 a5 18. Nd4 Bg4 19. h3 Be6 20. Nxe6 fxe6 21. Rad1 Rad8 22. h4 e5 23. Be4 g6 24. e3 b6 25. Qe2 Qe6 26. h5 Kg7 27. Rxd8 Rxd8 28. Rd1 Rxd1+ 29. Qxd1 Kh6 30. hxg6 hxg6 31. Kg2 Kg7 32. Qd8 Na6 33. Bd5 Qf6 34. Qd7+ Kh6 35. Qh3+ Kg7 36. Qd7+ Kh6 37. Bg8 Qh8 38. Bc4 Nc5 39. Qd6 e4 40. Qxb6 Qe5 41. Qd8 Qf5 42. Qh8+ Kg5 43. Qh4# 1-0


[Site "https://www.chess.com"]